 Dungeon Crawl Stone Soup version 0.20.1-1-g8b1a95d (webtiles) character file.

158 KrissDaBro the Stinger (level 5, -5/31 HPs)
             Began as an Octopode Venom Mage on Oct 29, 2017.
             Was a Follower of Vehumet.
             Killed from afar by an orc wizard (8 damage)
             ... with a magic dart
             ... on level 3 of the Dungeon.
             The game lasted 00:35:08 (2828 turns).

KrissDaBro the Stinger (Octopode Venom Mage)        Turns: 2828, Time: 00:35:09

Health: -5/31      AC:  1    Str:  8    XL:     5   Next: 39%
Magic:  7/10       EV: 13    Int: 18    God:    Vehumet [*.....]
Gold:   208        SH:  0    Dex: 12    Spells: 1/11 levels left

rFire    + . .     SeeInvis .   f - +0 short sword
rCold    x . .     Gourm    .   (no shield)
rNeg     + . .     Faith    .   (helmet restricted)
rPois    .         Spirit   .   (no amulet)
rElec    .         Reflect  .   q - ring of fire
rCorr    .         Harm     .   u - ring of positive energy
MR       .....                  (no ring)
Stlth    ++........             (no ring)
Regen    0.1/turn               (no ring)
MPRegen  0.2/turn               (no ring)
                                (no ring)
                                (no ring)

@: confused
A: almost no armour, stealthy swim, amphibious, 8 rings, constrict 8, camouflage
1, gelatinous body 1
a: Renounce Religion


You were on level 3 of the Dungeon.
You worshipped Vehumet.
Vehumet was aware of your devotion.
You were not hungry.

You visited 1 branch of the dungeon, and saw 3 of its levels.

You collected 208 gold pieces.

Inventory:

Hand Weapons
 f - a +0 short sword (weapon)
Missiles
 j - 28 poisoned needles
Jewellery
 q - a ring of fire (left tentacle)
 u - a ring of positive energy (right tentacle)
Wands
 k - a wand of polymorph (16/24)
 s - a wand of random effects (25/48)
Scrolls
 m - 2 scrolls of magic mapping {unknown}
 p - 2 scrolls of remove curse
 t - a scroll of teleportation {unknown}
Potions
 e - 2 potions of agility {unknown}
 g - a potion of haste {unknown}
 h - a potion of magic {unknown}
 i - a potion of berserk rage {unknown}
 l - a potion of mutation {unknown}
 n - a potion of ambrosia {unknown}
 o - a potion of brilliance {unknown}
Books
 a - a Young Poisoner's Handbook

   Spells                             Type                      Level
   a - Sting                          Conjuration/Poison           1
   b - Poisonous Vapours              Poison/Air                   2
   c - Mephitic Cloud                 Conjuration/Poison/Air       3
   d - Olgreb's Toxic Radiance        Poison                       4
   e - Venom Bolt                     Conjuration/Poison           5
Comestibles
 b - 4 bread rations
 d - a royal jelly
 r - 3 fruits
 v - a chunk of flesh


   Skills:
 + Level 0.2 Fighting
 + Level 0.8 Throwing
 + Level 2.2 Dodging
 + Level 3.0 Stealth
 + Level 3.5 Spellcasting
 + Level 2.0 Conjurations
 + Level 4.8 Poison Magic


You had one spell level left.
You knew the following spells:

 Your Spells              Type           Power        Failure   Level  Hunger
a - Sting                 Conj/Pois      ###.         3%          1    None
b - Mephitic Cloud        Conj/Pois/Air  ##......     19%         3    ###....
c - Freeze                Ice            #...         16%         1    None
d - Venom Bolt            Conj/Pois      ###.......   71%         5    ######.


Dungeon Overview and Level Annotations

Branches:
Dungeon (3/15)

Altars:
Dithmenos
Qazlal
Vehumet
Xom
Zin


Innate Abilities, Weirdness & Mutations

You cannot wear most types of armour.
You are very stealthy in the water. (Stealth+)
You are amphibious.
You can wear up to eight rings at the same time.
You can use your tentacles to constrict eight enemies at once.
Your skin changes colour to match your surroundings (Stealth+).
Your rubbery body absorbs attacks. (AC +1, EV +1)


Message History

Press: ? - help, Shift-Dir - straight line The sting hits something.
Something barely misses you.
Casting: Sting
Confirm with . or Enter, or press ? or * to list all spells.
Aiming: Sting
Press: ? - help, Shift-Dir - straight line You hear some strange, mumbled words.
You are confused.
You're too confused to cast spells.
Unknown command.
Something hits you but does no damage. Something hits you.
* * * LOW HITPOINT WARNING * * *
You see here a tomahawk.
Unknown command.
You start resting.
Something hits you.
* * * LOW HITPOINT WARNING * * *
A magic dart appears from out of thin air!
The magic dart hits you!
You die...

#............#
#............#
#............#
#............#
#............#
##............#
#.............#
#.............#
#..........(@.#
#..........(..#
..#####.....####
w. #....)# .
#....[#
.......[#
.....(..#
...^....#
.....(.(.#


There were no monsters in sight!

Vanquished Creatures
  A scorpion (D:3)
  4 gnolls (D:3)
  2 adders (D:2)
  A dart slug (D:2)
  2 leopard geckos
  4 orcs (D:3)
  2 bats
  3 giant cockroaches
  4 hobgoblins
  4 quokkas (D:2)
  4 frilled lizards (D:2)
  6 goblins
  4 kobolds
  6 rats
  2 butterflies (D:2)
49 creatures vanquished.

Vanquished Creatures (others)
  5 toadstools (D:1)
5 creatures vanquished.

Grand Total: 54 creatures vanquished

Notes
Turn   | Place    | Note
-------+----------+-------------------------------------------
     0 | D:1      | KrissDaBro the Octopode Venom Mage began the quest for the Orb.
     0 | D:1      | Reached XP level 1. HP: 11/11 MP: 3/3
   329 | D:1      | You fall through a shaft!
   339 | D:2      | Reached skill level 4 in Poison Magic
   339 | D:2      | Reached XP level 2. HP: 9/17 MP: 0/5
   625 | D:2      | Found a stormy altar of Qazlal.
   625 | D:2      | Found a faded altar of an unknown god.
   636 | D:2      | Found a faded altar of an unknown god.
   642 | D:2      | Found a shadowy altar of Dithmenos.
   643 | D:2      | Found a radiant altar of Vehumet.
   705 | D:2      | Became a worshipper of Vehumet
   825 | D:2      | Found a glowing silver altar of Zin.
  1278 | D:2      | Reached XP level 3. HP: 21/21 MP: 3/6
  1577 | D:2      | Learned a level 3 spell: Mephitic Cloud
  1581 | D:2      | Found a shimmering altar of Xom.
  2181 | D:3      | Reached * piety under Vehumet
  2181 | D:3      | Offered knowledge of Freeze by Vehumet.
  2245 | D:3      | Reached XP level 4. HP: 27/27 MP: 6/8
  2314 | D:3      | Reached XP level 5. HP: 18/31 MP: 2/10
  2530 | D:3      | Learned a level 1 spell: Freeze
  2536 | D:3      | Learned a level 5 spell: Venom Bolt
  2828 | D:3      | Killed from afar by an orc wizard

Skill      XL: |  1  2  3  4 |
---------------+-------------+-----
Poison Magic   | 4 |  4.8
Stealth        | 3 |  3.0
Spellcasting   | 3 |  3.5
Conjurations   | 2 |  2.0
Fighting       | |  0.2
Throwing       | |  0.8
Dodging        | |  2.2

Action                   |  1- 3 |  4- 6 || total
-------------------------+-------+-------++-------
Melee: Short sword       |    40 |     9 ||    49
       Tentacles         |     3 |       ||     3
       Constrict         |     4 |     6 ||    10
       Unarmed           |       |     1 ||     1
Throw: Javelin           |     5 |    10 ||    15
 Cast: Sting             |    69 |    28 ||    97
  Use: Scroll            |     4 |       ||     4
 Stab: Sleeping          |     1 |       ||     1
  Eat: Chunk             |     4 |     1 ||     5
       Royal jelly       |       |     1 ||     1
Armor: Skin              |     1 |     1 ||     2
Dodge: Dodged            |    13 |    16 ||    29
